 Dungeon Crawl Stone Soup version 0.22-a0-433-gd2a9cce (webtiles) character file.

51 Firecrotchwizard the Magician (level 3, 0/25 HPs)
             Began as a Gnoll Wizard on May 27, 2018.
             Slain by a worm (9 damage)
             ... on level 2 of the Dungeon.
             The game lasted 00:02:59 (1344 turns).

Firecrotchwizard the Magician (Gnoll Wizard)        Turns: 1344, Time: 00:03:00

Health: 0/25       AC:  2    Str:  9    XL:     3   Next: 81%
Magic:  2/11       EV: 14    Int: 21    God:
Gold:   80         SH:  0    Dex: 13    Spells: 11/16 levels left

rFire    . . .     SeeInvis .   c - +0 dagger
rCold    . . .     Gourm    .   (no shield)
rNeg     . . .     Faith    .   a - +0 robe
rPois    .         Spirit   .   b - +0 hat
rElec    .         Reflect  .   (no cloak)
rCorr    .         Harm     .   (no gloves)
MR       .....                  (no boots)
Stlth    ++........             (no amulet)
HPRegen  0.08/turn              h - ring of loudness (curse) {Stlth-}
MPRegen  0.12/turn              (no ring)

@: no status effects
A: distributed training, fangs 1, strong nose
a: no special abilities


You were on level 2 of the Dungeon.
You were not hungry.

You visited 1 branch of the dungeon, and saw 2 of its levels.

You collected 80 gold pieces.

Inventory:

Hand Weapons
 c - a +0 dagger (weapon)
   (You took it off a goblin on level 1 of the Dungeon)
Armour
 a - a +0 robe (worn)
 b - a +0 hat (worn)
Jewellery
 h - a cursed ring of loudness (left hand) {Stlth-}
   (You found it on level 1 of the Dungeon)
Potions
 e - 2 potions of heal wounds {unknown}
Comestibles
 d - 4 rations {@e1}
 f - 6 chunks of flesh {@w0}


   Skills:
 + Level 0.9 Fighting
 + Level 0.9 Short Blades
 + Level 0.9 Long Blades
 + Level 0.9 Axes
 + Level 0.9 Maces & Flails
 + Level 0.9 Polearms
 + Level 0.9 Staves
 + Level 0.9 Slings
 + Level 0.9 Bows
 + Level 0.9 Crossbows
 + Level 0.9 Throwing
 + Level 0.9 Armour
 + Level 4.5 Dodging
 + Level 4.2 Stealth
 + Level 0.9 Shields
 + Level 0.9 Unarmed Combat
 + Level 7.1 Spellcasting
 + Level 2.1 Conjurations
 + Level 0.6 Hexes
 + Level 0.6 Charms
 + Level 2.1 Summonings
 + Level 0.6 Necromancy
 + Level 2.1 Translocations
 + Level 0.6 Transmutations
 + Level 0.6 Fire Magic
 + Level 0.6 Ice Magic
 + Level 0.6 Air Magic
 + Level 0.6 Earth Magic
 + Level 0.6 Poison Magic
 + Level 1.0 Invocations
 + Level 0.9 Evocations


You had 11 spell levels left.
You knew the following spells:

 Your Spells              Type           Power        Failure   Level  Hunger
a - Magic Dart            Conj           ###.         3%          1    None
b - Blink                 Tloc           N/A          5%          2    None
c - Call Imp              Summ           ###.....     5%          2    None

Your spell library contained the following spells:

 Spells                   Type           Power        Failure   Level  Hunger
 Conjure Flame            Conj/Fire      ##......     14%         3    None
 Slow                     Hex            ##......     10%         2    None
 Mephitic Cloud           Conj/Pois/Air  ##......     16%         3    None


Dungeon Overview and Level Annotations

Branches:
Dungeon (2/15)

Altars:


Innate Abilities, Weirdness & Mutations

Your experience applies equally to all skills.
You have very sharp teeth.
Your uncanny sense of smell can sniff out nearby items.


Message History

The magic dart hits the rat.
You kill the rat!
You now have 9/11 mp.
Aim: an adder (resting)
The magic dart hits the adder.
The adder hisses angrily.
A frilled lizard comes into view.
You now have 8/11 mp.
Aim: an adder (heavily wounded)
The magic dart hits the adder.
A hobgoblin comes into view. It is wielding a club.
You now have 7/11 mp.
Aim: an adder (almost dead)
The magic dart hits the adder.
You kill the adder!
Your Invocations skill increases to level 1!
The hobgoblin shouts!
You now have 6/11 mp.
You hit the frilled lizard.
You kill the frilled lizard!
The hobgoblin hits you with a club.
Found an escape hatch in the ceiling.
You see here a frilled lizard corpse.
You take 1 damage, and have 24/25 hp.
You hit the hobgoblin. The hobgoblin hits you with a club.
You take 2 damage, and have 22/25 hp.
You closely miss the hobgoblin. The hobgoblin barely misses you.
You hit the hobgoblin.
You kill the hobgoblin!
No target in view!
You start resting.
Health restored: 25; MP restored: 11 You butcher the frilled lizard corpse.
f - a chunk of flesh {@w0}
Things that are here:
a club; a hobgoblin corpse You butcher the hobgoblin corpse.
f - 5 chunks of flesh {@w0} (gained 4)
Things that are here:
a club; a hobgoblin skeleton
Things that are here:
a club; a hobgoblin skeleton
Found a stone staircase leading down.
You now have 80 gold pieces (gained 7).
A bat comes into view.
The helpless bat fails to defend itself.
You puncture the bat!
You kill the bat!
No target in view!
You butcher the bat corpse.
f - 6 chunks of flesh {@w0} (gained 1)
You see here a bat skeleton. x2
A kobold comes into view.
The helpless kobold fails to defend itself.
You puncture the kobold!
You kill the kobold!
Found an escape hatch in the floor.
e - 2 brown potions (gained 1)
There is an escape hatch in the floor here.
A worm comes into view.
Aim: a worm (resting)
The magic dart hits the worm.
You now have 10/11 mp.
Aim: a worm (moderately wounded)
The magic dart hits the worm.
You now have 9/11 mp.
Aim: a worm (moderately wounded)
The magic dart hits the worm.
The worm completely misses you.
You now have 8/11 mp.
Aim: a worm (moderately wounded)
The magic dart hits the worm.
You now have 7/11 mp.
Aim: a worm (moderately wounded)
The magic dart hits the worm.
You now have 7/11 mp.
Aim: a worm (moderately wounded)
The magic dart hits the worm.
You now have 6/11 mp.
Aim: a worm (moderately wounded)
The magic dart hits the worm.
You now have 5/11 mp.
You hit the worm but do no damage. You bite the worm, but do no damage.
The worm bites you.
You take 6 damage, and have 19/25 hp.
MASSIVE DAMAGE!!
A beastly little devil appears in a puff of flame.
You now have 4/11 mp.
Unknown command.
Aim: a worm (lightly wounded)
The magic dart hits the worm.
Your crimson imp hits the worm.
You now have 3/11 mp.
Aim: a worm (moderately wounded)
The magic dart hits the worm.
Your crimson imp hits the worm.
You now have 2/11 mp.
You hit the worm. The worm bites you!
You take 11 damage, and have 9/25 hp.
MASSIVE DAMAGE!!
You barely miss the worm.
Your crimson imp blinks!
You barely miss the worm. The worm bites you!
You die...

..................#......####....
#.....###........................
.#...#..##....#............###...
#...#..)#.............##..####..
#...##.<#....###......##...###..
#.....####.............##....##..
..............##..............#..
####....#.#..###ยง..######........
#....#.....5w@...# ####.##..
#....#.##.......########....#
#.?....##.....>.......####...
#....####......######........
###### ######## ######### #


You could see a worm and a friendly crimson imp.

Vanquished Creatures
  2 adders (D:2)
  A worm (D:2)
  A dart slug (D:1)
  A leopard gecko (D:1)
  4 goblins
  4 hobgoblins
  A jackal (D:1)
  2 bats (D:2)
  3 frilled lizards
  3 kobolds
  4 rats
26 creatures vanquished.

Vanquished Creatures (collateral kills)
  A hobgoblin (D:1)
  3 jackals (D:1)
4 creatures vanquished.

Grand Total: 30 creatures vanquished

Notes
Turn   | Place    | Note
-------+----------+-------------------------------------------
     0 | D:1      | Firecrotchwizard the Gnoll Wizard began the quest for the Orb.
     0 | D:1      | Reached XP level 1. HP: 13/13 MP: 8/8
   128 | D:1      | Reached skill level 2 in Conjurations
   128 | D:1      | Reached skill level 2 in Summonings
   128 | D:1      | Reached skill level 2 in Translocations
   173 | D:1      | Reached XP level 2. HP: 19/19 MP: 10/10
   292 | D:1      | Learned a level 2 spell: Blink
   295 | D:1      | Learned a level 2 spell: Call Imp
   806 | D:2      | Reached XP level 3. HP: 25/25 MP: 6/11
   872 | D:2      | HP: 3/25 [worm (6)]
  1183 | D:2      | Reached skill level 1 in Invocations
  1344 | D:2      | Slain by a worm

Vault maps used:
D:1:      lightli_arrival_farm, minmay_misc_feat_diagonals,
          minmay_misc_feat_rows
D:2:      marbit_many_paths, minivault_27, grunt_ministairs_6

Skill      XL: |  1  2  3 |
---------------+----------+-----
Conjurations   | 2 |  2.1
Summonings     | 2 |  2.1
Translocations | 2 |  2.1
Invocations    | 1 |  1.0
Fighting       | |  0.9
Short Blades   | |  0.9
Long Blades    | |  0.9
Axes           | |  0.9
Maces & Flails | |  0.9
Polearms       | |  0.9
Staves         | |  0.9
Slings         | |  0.9
Bows           | |  0.9
Crossbows      | |  0.9
Throwing       | |  0.9
Armour         | |  0.9
Dodging        | |  4.5
Stealth        | |  4.2
Shields        | |  0.9
Unarmed Combat | |  0.9
Spellcasting   | |  7.1
Hexes          | |  0.6
Charms         | |  0.6
Necromancy     | |  0.6
Transmutations | |  0.6
Fire Magic     | |  0.6
Ice Magic      | |  0.6
Air Magic      | |  0.6
Earth Magic    | |  0.6
Poison Magic   | |  0.6
Evocations     | |  0.9

Action                   || total
-------------------------++-------
Melee: Dagger            ||    58
       Bite              ||     6
 Cast: Magic Dart        ||    36
       Call Imp          ||     4
  Use: Scroll            ||     2
 Stab: Sleeping          ||     6
  Eat: Chunk             ||     1
Armor: Robe              ||    10
Dodge: Dodged            ||    54

Table legend:
 A = Spawn XP
 B = Non-spawn XP
 C = Spawn XP percentage of total XP
 D = Spawn monster count
 E = Non-spawn monster count
 F = Spawn count percentage of total count
 G = Total turns spent on level
                    A         B        C        D         E        F      G
               +---------+---------+-------+---------+---------+-------+---------
         Total |       0 |      73 |   0.0 |       0 |      30 |   0.0 |  1344
               +---------+---------+-------+---------+---------+-------+---------
           D:1 |       0 |      31 |   0.0 |       0 |      19 |   0.0 |   796
           D:2 |       0 |      42 |   0.0 |       0 |      11 |   0.0 |   548
               +---------+---------+-------+---------+---------+-------+---------

Vault maps used:
D:1:      lightli_arrival_farm, minmay_misc_feat_diagonals,
          minmay_misc_feat_rows
D:2:      marbit_many_paths, minivault_27, grunt_ministairs_6

Table legend:
 A = Turns spent in this place as a percentage of turns spent in the entire game.
 B = Non-inter-level travel turns spent in this place as a percentage of non-inter-level travel turns spent in the entire game.
 C = Inter-level travel turns spent in this place as a percentage of turns spent in this place.
 D = Turns resting spent in this place as a percentage of non-inter-level travel turns spent in this place.
 E = Turns spent auto-exploring this place as a percentage of non-inter-level travel turns spent in this place.
 F = Non-inter-level travel turns spent in this place divided by the number of levels of this place that you've seen.
                   A       B       C       D       E      F
               +-------+-------+-------+-------+-------+----------------------
         Total | 100.0 | 100.0 |   2.1 |  40.0 |  42.0 | 658.0
       Dungeon | 100.0 | 100.0 |   2.1 |  40.0 |  42.0 | 658.0
               +-------+-------+-------+-------+-------+----------------------

Table legend:
 A = Kills in this place as a percentage of kills in entire the game.
 B = Kills by you in this place as a percentage of kills by you in the entire game.
 C = Kills by friends in this place as a percentage of kills by friends in the entire game.
 D = Other kills in this place as a percentage of other kills in the entire game.
 E = Experience gained in this place as a percentage of experience gained in the entire game.
 F = Experience gained in this place divided by the number of levels of this place that you have seen.
                   A       B       C       D       E      F
               +-------+-------+-------+-------+-------+----------------------
         Total | 100.0 | 100.0 | 100.0 |   N/A | 100.0 |  36.5
       Dungeon | 100.0 | 100.0 | 100.0 |   N/A | 100.0 |  36.5
               +-------+-------+-------+-------+-------+----------------------
